 Dungeon Crawl Stone Soup version 0.29.1-debian-1-gc3f1650bb9 (webtiles) character file.

Game seed: 10220369855952371965

11304 mdonais the Fighter (level 11, 0/128 HPs)
             Began as an Ogre Warper on Sept 12, 2022.
             Was the Champion of Cheibriados.
             Succumbed to a black mamba's poison
             ... on level 1 of the Lair of Beasts.
             The game lasted 00:45:58 (11998 turns).

mdonais the Fighter (Ogre Warper)                  Turns: 11998, Time: 00:45:58

Health: 0/128      AC: 11    Str: 36    XL:     11   Next: 75%
Magic:  1/17       EV: 11    Int: 34    God:    Cheibriados [******]
Gold:   698        SH:  0    Dex: 20    Spells: 2/18 levels left

rFire   + . .      SeeInvis .   n - +0 giant club
rCold   + + +      Faith    .   (shield currently unavailable)
rNeg    + . .      Spirit   .   b - +0 steam dragon scales
rPois   +          Reflect  .   (helmet restricted)
rElec   +          Harm     .   M - +0 cloak
rCorr   +          Rampage  .   (gloves unavailable)
Will    +....                   (boots unavailable)
Stlth   ++........              r - amulet of regeneration
HPRegen 1.11/turn               h - ring "Penav" {rC+++ rN+ Int+5 Dex-3}
MPRegen 0.15/turn               G - +4 ring of protection

@: lethally poisoned (0 -> -22), resistant, attractive, studying Translocations,
very slow
A: large, unfitting armour, tough skin 1
a: Renounce Religion, Bend Time, Temporal Distortion, Slouch, Step From Time


You were on level 1 of the Lair of Beasts.
You worshipped Cheibriados.
Cheibriados was exalted by your worship.
You visited 3 branches of the dungeon, and saw 12 of its levels.
You also visited: Ossuary.

You collected 738 gold pieces.
You spent 40 gold pieces at shops.

Inventory:

Hand Weapons
 a - the +7 Singing Sword {vorpal, sonic wave}
   (You found it on level 3 of the Dungeon)

   It inflicts extra damage upon your enemies.
   It radiates damaging sonic waves as it strikes, especially in combat
   involving dangerous or numerous foes.
 n - a +0 giant club (weapon)
   (You took it off an ogre on level 6 of the Dungeon)
 L - a +0 giant spiked club
   (You took it off an ogre on level 7 of the Dungeon)
Missiles
 o - 18 poisoned darts (quivered)
 t - 3 boomerangs
 w - 4 large rocks
 K - 5 boomerangs of dispersal
Armour
 b - +0 steam dragon scales (worn)
   (You found it on level 1 of the Lair of Beasts)
 I - a +0 kite shield
   (You took it off a gnoll sergeant on level 7 of the Dungeon)
 M - a +0 cloak (worn)
   (You took it off Crazy Yiuf on level 7 of the Dungeon)
 Y - a +2 robe of cold resistance
   (You found it on level 10 of the Dungeon)
Magical Staves
 W - a staff of fire
   (You found it on level 10 of the Dungeon)
Jewellery
 h - the ring "Penav" (left hand) {rC+++ rN+ Int+5 Dex-3}
   (You acquired it on level 4 of the Dungeon)

   [ring of positive energy]

   Int:       It affects your intelligence (+5).
   Dex:       It affects your dexterity (-3).
   rC:        It renders you almost immune to cold.
   rN:        It protects you from negative energy.
 r - an amulet of regeneration (around neck)
   (You found it on level 1 of the Dungeon)
 E - an amulet of the acrobat
   (You found it on level 5 of the Dungeon)
 G - a +4 ring of protection (right hand)
   (You found it on level 6 of the Dungeon)
 S - a +6 ring of dexterity
   (You found it on level 9 of the Dungeon)
Wands
 k - a wand of polymorph (6)
   (You found it on level 2 of the Dungeon)
 D - a wand of digging (13)
   (You took it off Natasha on level 2 of the Dungeon)
 F - a wand of mindburst (10)
   (You found it on level 8 of the Dungeon)
 V - a wand of flame (22)
   (You found it on level 3 of the Dungeon)
Scrolls
 c - 2 scrolls of fear
 l - 4 scrolls of butterflies
 p - a scroll of summoning
 y - a scroll of noise
 z - a scroll of amnesia {unknown}
 A - 2 scrolls of vulnerability {unknown}
 B - 6 scrolls of blinking
 J - a scroll of enchant weapon {unknown}
 P - 2 scrolls of enchant armour {unknown}
 R - a scroll of identify
 T - 8 scrolls of teleportation
 U - 2 scrolls of poison
Potions
 d - 3 potions of berserk rage {unknown}
 g - 2 potions of cancellation {unknown}
 i - 6 potions of mutation
 j - 2 potions of lignification {unknown}
 q - 2 potions of attraction
 s - a potion of flight {unknown}
 u - 2 potions of degeneration {unknown}
 x - a potion of brilliance
 C - 3 potions of might
 O - a potion of invisibility
Miscellaneous
 X - a box of beasts
   (You found it on level 10 of the Dungeon)


   Skills:
 * Level 13.8 Fighting
 * Level 11.1 Maces & Flails
 - Level 2.0 Throwing
 - Level 3.0 Dodging
 - Level 2.0 Stealth
 + Level 4.4 Spellcasting
 + Level 0.2 Conjurations
 + Level 8.3 Translocations
 - Level 4.0 Invocations


You had 2 spell levels left.
You knew the following spells:

 Your Spells              Type           Power      Damage    Failure   Level
a - Blink                 Tloc           100%       N/A       1%          2
b - Teleport Other        Tloc           59%        N/A       1%          3
c - Gell's Gravitas       Tloc           59%        N/A       1%          3
d - Manifold Assault      Tloc           59%        N/A       1%          4
e - Iskenderun's Mystic   Conj/Tloc      36%        2d9       9%          4

Your spell library contained the following spells:

 Spells                   Type           Power      Damage    Failure   Level
 Apportation              Tloc           100%       N/A       1%          1
 Necrotise                Necr           28%        1d5       4%          1
 Summon Small Mammal      Summ           28%        N/A       4%          1
 Cigotuvi's Dreadful Rot  Necr/Pois/Air  14%        N/A       7%          2
 Poisonous Vapours        Pois/Air       14%        N/A       7%          2
 Lesser Beckoning         Tloc           59%        N/A       1%          3
 Portal Projectile        Hex/Tloc       70%        N/A       2%          3
 Call Canine Familiar     Summ           7%         N/A       14%         3
 Dazzling Flash           Conj/Hex       16%        N/A       14%         3
 Leda's Liquefaction      Hex/Erth       3%         N/A       43%         4
 Irradiate                Conj/Tmut      4%         3d13      77%         5
 Agony                    Necr           7%         N/A       78%         5
 Blade Hands              Tmut           3%         N/A       78%         5
 Silence                  Hex/Air        3%         N/A       78%         5
 Starburst                Conj/Fire      4%         6d3       100%        6
 Dragon Form              Tmut           3%         N/A       100%        7


Dungeon Overview and Level Annotations

Branches:
Dungeon (10/15) Zot: 38705  Temple (1/1) D:7 Zot: 8983    Lair (1/5) D:9 Zot: 8740
Ossuary (visited)
    Orc: D:9-12

Altars:
Ashenzari
Cheibriados
Fedhas
Kikubaaqudgha
Nemelex Xobeh
Okawaru
Qazlal
Ru
Trog
Uskayaw
Vehumet
Wu Jian
Xom
Zin
The Shining One

Shops:
D:5 *

Annotations:
Temple 2 transporters


Innate Abilities, Weirdness & Mutations

You are too large for most types of armour.
You have tough skin. (AC +1)


Message History

Casting: Manifold Assault (mildly dangerous; 1% risk of failure)
Confirm with . or Enter, or press ? or * to list all spells.
Space momentarily warps into an impossible shape!
You closely miss the water moccasin. You closely miss the steam dragon.
The steam dragon hisses angrily.
You now have 5/17 mp.
Casting: Manifold Assault (mildly dangerous; 1% risk of failure)
Confirm with . or Enter, or press ? or * to list all spells.
Space momentarily warps into an impossible shape!
You hit the water moccasin. You sock the steam dragon!
You now have 1/17 mp.
You closely miss the water moccasin.
The water moccasin is almost dead.
The water moccasin bites you but does no damage.
You beat the water moccasin like a drum!!!
You kill the water moccasin!
Cheibriados thoroughly appreciates the change of pace.
Cheibriados raises the support of your attributes as your movement slows.
You crush the steam dragon like a grape!!!
You kill the steam dragon!
Cheibriados appreciates the change of pace.
The steam dragon scales are intact enough to wear.
No target in view!
Things that are here:
+0 steam dragon scales; a steam dragon corpse b - +0 steam dragon scales You start removing your armour.
You continue taking off your +2 robe of cold resistance. x4
You finish taking off your +2 robe of cold resistance.
You feel less resistant to cold.
You start putting on your armour.
You continue putting on your +0 steam dragon scales. x5
You finish putting on your +0 steam dragon scales.
You see here a book of Spectacle.
You pick up a book of Spectacle and begin reading...
Unfortunately, you learned nothing new.
This spell is dangerous to cast!
Memorise Iskenderun's Mystic Blast, consuming 4 spell levels and leaving 2?
You start memorising the spell.
You continue memorising. x4
You finish memorising.
Spell assigned to 'e'.
You see here a steam dragon corpse.
You see here a water moccasin corpse.
A cane toad comes into view.
Found a stone.
The cane toad croaks.
MP restored: 17
Casting: Manifold Assault (mildly dangerous; 1% risk of failure)
Confirm with . or Enter, or press ? or * to list all spells.
Space momentarily warps into an impossible shape!
You barely miss the cane toad.
You now have 13/17 mp.
Casting: Manifold Assault (mildly dangerous; 1% risk of failure)
Confirm with . or Enter, or press ? or * to list all spells.
Space momentarily warps into an impossible shape!
You closely miss the cane toad.
You now have 9/17 mp.
Casting: Manifold Assault (mildly dangerous; 1% risk of failure)
Confirm with . or Enter, or press ? or * to list all spells.
Space momentarily warps into an impossible shape!
You closely miss the cane toad.
You now have 5/17 mp.
You closely miss the cane toad. The cane toad stings you!
The cane toad stings you.
You are poisoned.
The cane toad poisons you!
You take 19 damage, and have 109/128 hp.
You barely miss the cane toad.
You feel very sick.
The cane toad stings you but does no damage.
A black mamba comes into view.
You take 3 damage, and have 106/128 hp.
The black mamba hisses angrily.
You sock the cane toad!
The cane toad is moderately wounded.
You feel very sick. The cane toad stings you!!
You take 22 damage, and have 84/128 hp.
You hit the cane toad.
The cane toad is moderately wounded.
You feel sick. The cane toad barely misses you.
Casting: Manifold Assault (mildly dangerous; 1% risk of failure)
Confirm with . or Enter, or press ? or * to list all spells.
Space momentarily warps into an impossible shape!
You sock the cane toad! You bludgeon the black mamba!!
You feel sick. The cane toad stings you!
You are more poisoned.
The cane toad poisons you! The cane toad stings you!
You are more poisoned.
The cane toad poisons you!
You take 18 damage, and have 66/128 hp.
You now have 2/17 mp.
You barely miss the cane toad.
The cane toad is severely wounded.
You feel extremely sick. The black mamba bites you.
The cane toad closely misses you.
You take 8 damage, and have 58/128 hp.
You barely miss the cane toad.
The cane toad is severely wounded.
You feel extremely sick.
The black mamba bites you but does no damage.
The cane toad stings you!!
* * * LOW HITPOINT WARNING * * *
The black mamba closely misses you.
You take 24 damage, and have 34/128 hp.
You bludgeon the cane toad!!
You kill the cane toad!
Cheibriados appreciates the change of pace.
You feel very sick. The black mamba closely misses you.
The black mamba bites you!
* * * LOW HITPOINT WARNING * * *
You are lethally poisoned!
The black mamba poisons you!
You take 12 damage, and have 22/128 hp.
You feel better. The black mamba bites you.
* * * LOW HITPOINT WARNING * * *
You are poisoned.
The black mamba poisons you! The black mamba bites you.
* * * LOW HITPOINT WARNING * * *
You are lethally poisoned!
The black mamba poisons you!
You regained 2 hp, and now have 24/128 hp.
You feel protected.
* * * LOW HITPOINT WARNING * * *
You feel extremely sick. The black mamba bites you!
* * * LOW HITPOINT WARNING * * *
You are more poisoned.
The black mamba poisons you!
You take 14 damage, and have 10/128 hp.
You feel much better.
* * * LOW HITPOINT WARNING * * *
You feel extremely sick.
The black mamba bites you but does no damage.
The black mamba bites you!
* * * LOW HITPOINT WARNING * * *
You take 1 damage, and have 9/128 hp.
Casting: Manifold Assault (mildly dangerous; 1% risk of failure)
Confirm with . or Enter, or press ? or * to list all spells.
You blink.
* * * LOW HITPOINT WARNING * * *
You feel extremely sick.
You take 5 damage, and have 4/128 hp.
You now have 1/17 mp.
Okay, then.
Unknown command.
Blink to where?
Press: ? - help, Dir - move target
Okay, then.
Unknown command.
It was a potion of attraction.
You feel attractive to monsters.
You die...

.......###
#.#......##
...$.....####†.#....#
............†.#.#####
......$......####
.............#
.............#
#......S....##
#P..........#
##.......@..#
##..........#
##........##
#.......## ##......#
##.....# ##....#
##P...


You could see a black mamba.

Vanquished Creatures
  A two-headed ogre (D:9)
  Nergalle (D:10)
  An orange crystal statue (D:10)
  A manticore (D:9)
  A cane toad (Lair:1)
  3 komodo dragons (D:9)
  Grinder (D:3)
  A hornet (D:8)
  18 yaks
  2 wraiths
  2 steam dragons
  A wyvern (D:7)
  Menkaure (D:4)
  6 water moccasins
  2 black bears (D:9)
  2 ice beasts
  An orc warrior (D:9)
  3 ogres
  A centaur (D:9)
  2 kobold brigands
  2 bullfrogs (D:9)
  2 necrophages
  3 gnoll sergeants
  6 scorpions
  8 wights
  10 killer bees
  An electric eel (D:7)
  7 howler monkeys
  A gnoll bouda (D:7)
  3 hounds
  Crazy Yiuf (D:7)
  5 orc priests
  5 iguanas
  3 orc wizards
  Natasha (thrice) (D:2)
  A mummy (Ossuary)
  17 gnolls
  5 adders
  A shadow imp (D:5)
  An ufetubus (D:4)
  4 dart slugs
  16 orcs
  7 bats
  8 endoplasms
  3 giant cockroaches
  7 goblins
  4 hobgoblins
  4 jackals (D:2)
  16 kobolds
  5 quokkas
  5 ball pythons
  2 frilled lizards
  7 gnoll skeletons (Ossuary)
  8 kobold skeletons (Ossuary)
  10 orc skeletons (Ossuary)
  11 rats
253 creatures vanquished.

Vanquished Creatures (others)
  17 fungi (D:9)
  30 plants
47 creatures vanquished.

Grand Total: 300 creatures vanquished

Notes
Turn   | Place    | Note
-------+----------+-------------------------------------------
     0 | D:1      | mdonais the Ogre Warper began the quest for the Orb.
     0 | D:1      | Reached XP level 1. HP: 22/22 MP: 3/3
   226 | D:1      | Reached skill level 3 in Fighting
   259 | D:1      | Reached XP level 2. HP: 22/31 MP: 5/5
   278 | D:1      | Learned a level 2 spell: Blink
   894 | D:1      | Found a faded altar of an unknown god.
   895 | D:1      | Noticed a great orb of eyes
   897 | D:1      | Noticed an eye of devastation
   897 | D:1      | Noticed an eye of devastation
   897 | D:1      | Noticed an eye of devastation
   917 | D:1      | Prayed at the altar of an unknown god.
   917 | D:1      | Became a worshipper of Cheibriados the Contemplative
   917 | D:1      | Reached * piety under Cheibriados
   940 | D:1      | Reached XP level 3. HP: 39/39 MP: 6/6
  1159 | D:1      | Learned a level 3 spell: Teleport Other
  1712 | D:2      | Reached skill level 4 in Fighting
  1805 | D:2      | Noticed Natasha
  1808 | D:2      | Killed Natasha
  1809 | D:2      | Reached XP level 4. HP: 48/49 MP: 7/7
  1856 | D:2      | Reached ** piety under Cheibriados
  2250 | D:2      | Reached XP level 5. HP: 54/55 MP: 8/8
  2255 | D:2      | Learned a level 3 spell: Gell's Gravitas
  2537 | D:3      | Noticed Terence
  2569 | D:2      | Noticed Natasha
  2580 | D:2      | Killed Natasha
  2581 | D:2      | Reached skill level 5 in Fighting
  2715 | D:2      | Noticed Natasha
  2727 | D:2      | Killed Natasha
  3500 | D:3      | Noticed Grinder
  3500 | D:3      | Paralysed by Grinder for 2 turns
  3562 | D:3      | Noticed Terence
  3562 | D:3      | Terence changed into Terence the giant cockroach
  3564 | D:3      | Killed Terence the giant cockroach
  3658 | D:3      | Found the +7 Singing Sword {vorpal, sonic wave}
  3701 | D:3      | Found a bloodstained altar of Trog.
  3741 | D:3      | Noticed Jessica
  3746 | D:4      | You fall into a shaft and drop 2 floors!
  3753 | D:6      | Noticed a kobold brigand
  3760 | D:6      | Killed a kobold brigand
  3761 | D:6      | Reached skill level 1 in Invocations
  3761 | D:6      | Reached XP level 6. HP: 27/67 MP: 10/10
  3797 | D:6      | Reached skill level 6 in Fighting
  3803 | D:5      | Entered Level 5 of the Dungeon
  3811 | D:5      | Noticed a water moccasin
  3815 | D:5      | Killed a water moccasin
  3816 | D:5      | Reached skill level 7 in Fighting
  3825 | D:5      | Reached *** piety under Cheibriados
  3827 | D:5      | Found an iron altar of Okawaru.
  3872 | D:4      | Identified a scroll of acquirement
  3872 | D:4      | Acquired the ring "Penav" {rC+++ rN+ Int+5 Dex-3}
  3902 | D:4      | Found a stormy altar of Qazlal.
  3910 | D:4      | Found a sand-covered staircase.
  3921 | Ossuary  | Entered an ossuary
  3921 | Ossuary  | Noticed a wraith
  3921 | Ossuary  | Noticed a wraith
  3921 | Ossuary  | Noticed a wraith
  3979 | Ossuary  | Reached XP level 7. HP: 38/78 MP: 11/11
  4146 | Ossuary  | Reached **** piety under Cheibriados
  4154 | Ossuary  | Noticed a wraith
  4167 | Ossuary  | Killed a wraith
  4244 | D:4      | Noticed Menkaure
  4256 | D:4      | Killed Menkaure
  4257 | D:4      | Reached skill level 8 in Fighting
  4257 | D:4      | Reached skill level 1 in Stealth
  4358 | D:4      | Learned a level 4 spell: Manifold Assault
  4441 | D:4      | Reached XP level 8. HP: 86/89 MP: 12/12
  4635 | D:4      | Noticed Sigmund
  4639 | D:4      | Noticed Sigmund
  4641 | D:4      | Killed Sigmund the dart slug
  5000 | D:3      | Found a hide-covered altar of Uskayaw.
  5024 | D:3      | Noticed Jessica
  5024 | D:3      | Jessica changed into Jessica the quokka
  5025 | D:3      | Paralysed by Grinder for 4 turns
  5031 | D:3      | Killed Jessica the quokka
  5038 | D:3      | Killed Grinder
  5039 | D:3      | Reached skill level 9 in Fighting
  5333 | D:5      | Found an ancient bone altar of Kikubaaqudgha.
  5338 | D:5      | Reached skill level 10 in Fighting
  5343 | D:5      | Found Ishriher's General Store.
  5351 | D:5      | Bought a scroll of poison for 40 gold pieces
  5538 | D:6      | Reached skill level 11 in Fighting
  5546 | D:6      | Identified the +2 pair of gloves "Wuitof" {+Inv Str+2 Int-5
                  | SInv}
  5681 | D:6      | Acquired a manual of Translocations
  5905 | D:6      | Reached ***** piety under Cheibriados
  5906 | D:6      | Reached XP level 9. HP: 93/105 MP: 13/13
  6211 | D:7      | Reached skill level 5 in Translocations
  6696 | D:7      | Reached skill level 5 in Maces & Flails
  6763 | D:7      | Found a runed translucent door.
  6764 | D:7      | Noticed Crazy Yiuf
  6881 | D:7      | Found a staircase to the Ecumenical Temple.
  6888 | Temple   | Entered the Ecumenical Temple
  6888 | Temple   | Found a transporter.
  6888 | Temple   | Found a transporter.
  7367 | D:7      | Killed Crazy Yiuf
  7535 | D:8      | Noticed a hornet
  7551 | D:8      | Killed a hornet
  7552 | D:8      | Reached XP level 10. HP: 20/114 MP: 5/14
  8912 | D:9      | Noticed a two-headed ogre
  8916 | D:9      | Noticed a manticore
  8920 | D:9      | Killed a two-headed ogre
  9007 | D:9      | Killed a manticore
  9008 | D:9      | Reached skill level 12 in Fighting
  9095 | D:9      | Found a sacrificial altar of Ru.
  9096 | D:9      | Found a broken altar of Ashenzari.
  9098 | D:9      | Found a radiant altar of Vehumet.
  9098 | D:9      | Found a glowing golden altar of the Shining One.
  9931 | D:9      | Reached XP level 11. HP: 122/123 MP: 8/17
  9938 | D:9      | Reached skill level 10 in Maces & Flails
 10156 | D:9      | Found a staircase to the Lair.
 10455 | D:10     | Entered Level 10 of the Dungeon
 10491 | D:10     | Noticed an orange crystal statue
 10902 | D:10     | Killed an orange crystal statue
 11355 | D:10     | Noticed Nergalle
 11378 | D:10     | Killed Nergalle
 11379 | D:10     | Reached skill level 13 in Fighting
 11685 | Lair:1   | Entered Level 1 of the Lair of Beasts
 11878 | Lair:1   | Reached ****** piety under Cheibriados
 11906 | Lair:1   | Learned a level 4 spell: Iskenderun's Mystic Blast
 11997 | Lair:1   | HP: 4/128 [poisoned by a black mamba]
 11998 | Lair:1   | Succumbed to a black mamba's poison

Illustrated notes

Levels and vault maps discovered:
D:1:      evilmike_arrival_hilbert_curve, layout_basic,
          hellmonk_ecumenical_altar_watching_god, serial_forest,
          infiniplex_forest_clump_small, infiniplex_forest_clump_small,
          infiniplex_forest_3_way, infiniplex_forest_clump_small,
          infiniplex_forest_straight_5, infiniplex_forest_clump_diagonal
D:2:      layout_loops_corners, uniq_natasha
D:3:      layout_rooms, mainiacjoe_overflow_concentric_impassable,
          mainiacjoe_overflow_alcove_2, uniq_jessica, uniq_grinder, uniq_terence
D:4:      layout_cave_pools, mainiacjoe_overflow_boulevard,
          lightli_ossuary_entry_decrepit_ruins, kennysheep_cross_bottleneck,
          kennysheep_another_room, minmay_fractal_squares_gapless_5,
          uniq_menkaure, uniq_sigmund
D:5:      layout_rooms, mainiacjoe_overflow_catwalk, lemuel_round_altar,
          serial_shops, nicolae_shop_stone
D:6:      layout_basic, nrook_mini_vaults, st_stairs_1,
          small_statue_intersection, dreamdust_wishing_well,
          chequers_serial_rivers_micro_c
D:7:      layout_basic, temple_fountains, chequers_big_river,
          uniq_crazy_yiuf_cottage
D:8:      layout_basic
D:9:      layout_rooms, minitemple, grunt_lair_entry_orc_guard_hut
D:10:     layout_basic, serial_park_tiny_2, minmay_protected_statue,
          uniq_nergalle
Temple:   hellmonk_temple_divided_pantheon
Lair:1:   layout_cave_pods, serial_bayou_pond_e, serial_bayou_ford_a,
          hellmonk_guarded_unrand_zhor

Skill      XL: |  1  2  3  4  5  6  7  8  9 10 11 |
---------------+----------------------------------+-----
Fighting       | 3 4 5 7 8 11 12 13 | 13.8
Maces & Flails | 2 3 7 9 11 | 11.1
Translocations | 3 4 6 7 8 |  8.3
Spellcasting   | 3 4 |  4.4
Invocations    | 1 2 3 4 |  4.0
Stealth        | 1 2 |  2.0
Throwing       | 2 |  2.0
Dodging        | 3 |  3.0
Conjurations   | |  0.2

Action                   |  1- 3 |  4- 6 |  7- 9 | 10-12 || total
-------------------------+-------+-------+-------+-------++-------
Melee: Mace              |   115 |    87 |       |       ||   202
       Punch             |       |     1 |     1 |       ||     2
       Double sword      |       |    39 |   147 |       ||   186
       Flail             |       |     1 |       |       ||     1
       Giant club        |       |       |    15 |   282 ||   297
Throw: Boomerang         |     2 |       |       |       ||     2
       Dart              |       |       |     9 |    10 ||    19
 Cast: Blink             |     1 |       |     1 |     1 ||     3
       Teleport Other    |       |     2 |     3 |     1 ||     6
       Gell's Gravitas   |       |       |     7 |     1 ||     8
       Manifold Assault  |       |       |       |    99 ||    99
Invok: Bend Time         |       |       |     6 |       ||     6
Evoke: Wand              |       |     3 |     7 |       ||    10
  Use: Potion            |     1 |       |     5 |     5 ||    11
       Scroll            |       |     4 |     9 |     1 ||    14
 Stab: Sleeping          |     1 |     2 |     2 |     1 ||     6
       Distracted        |       |       |     2 |     1 ||     3
Armor: Robe              |    46 |    35 |    37 |    49 ||   167
       Steam dragon scal |       |       |       |     3 ||     3
Dodge: Dodged            |    62 |    73 |   110 |    76 ||   321
